 Dungeon Crawl Stone Soup version 0.28.0 (webtiles) character file.

Game seed: 13112181312303014461

9365 SnakkuSnakku7 the Severer (level 11, -6/99 HPs)
             Began as a Hill Orc Fighter on Feb 16, 2022.
             Was a Believer of the Shining One.
             Mangled by Snorg (21 damage)
             ... on level 10 of the Dungeon.
             The game lasted 00:12:25 (10589 turns).

SnakkuSnakku7 the Severer (Hill Orc Fighter)       Turns: 10589, Time: 00:12:26

Health: -6/99      AC: 16    Str: 22    XL:     11   Next: 45%
Magic:  11/11      EV:  6    Int:  8    God:    the Shining One [**....]
Gold:   251        SH:  9    Dex: 12    Spells: 10/10 levels left

rFire   . . .      SeeInvis .   a - +3 broad axe (vorpal)
rCold   . . .      Faith    .   c - +0 buckler
rNeg    + . .      Spirit   .   C - +0 plate armour
rPois   .          Reflect  +   h - +1 hat
rElec   .          Harm     .   (no cloak)
rCorr   .          Rampage  .   (no gloves)
Will    .....                   y - +0 pair of boots
Stlth   ..........              B - amulet of reflection
HPRegen 0.26/turn               (no ring)
MPRegen 0.12/turn               (no ring)

@: glowing
A: no striking features
a: Renounce Religion, Divine Shield


You were on level 10 of the Dungeon.
You worshipped the Shining One.
The Shining One was pleased with you.
You visited 1 branch of the dungeon, and saw 10 of its levels.

You collected 481 gold pieces.
You spent 230 gold pieces at shops.

Inventory:

Hand Weapons
 a - a +3 vorpal broad axe (weapon)
 b - a +2 war axe of flaming
Missiles
 t - 8 poisoned darts (quivered)
Armour
 c - a +0 buckler (worn)
 h - a +1 hat (worn)
 x - a +0 kite shield
 y - a +0 pair of boots (worn)
 C - a +0 plate armour (worn)
Jewellery
 B - an amulet of reflection (around neck)
Wands
 q - a wand of flame (39)
 s - a wand of mindburst (1)
 v - a wand of iceblast (8)
 H - a wand of digging (4)
 K - a wand of acid (5)
Scrolls
 e - a scroll of fog {unknown}
 f - a scroll of torment {unknown}
 i - 4 scrolls of noise {unknown}
 j - a scroll of silence {unknown}
 k - a scroll of vulnerability {unknown}
 l - 10 scrolls of identify {unknown}
 n - a scroll of magic mapping {unknown}
 u - 2 scrolls of enchant weapon {unknown}
 E - 2 scrolls of blinking {unknown}
 G - 2 scrolls of teleportation {unknown}
 J - 2 scrolls of amnesia {unknown}
Potions
 d - 2 potions of might
 g - 2 potions of heal wounds {unknown}
 m - 2 potions of invisibility {unknown}
 o - 4 potions of curing {unknown}
 p - 2 potions of haste {unknown}
 r - a potion of resistance {unknown}
 w - a potion of degeneration {unknown}
 z - 3 potions of flight {unknown}
 A - a potion of attraction {unknown}
 D - 3 potions of brilliance
 F - 2 potions of mutation {unknown}
 I - a potion of magic {unknown}


   Skills:
 - Level 10.0 Fighting
 - Level 18.0 Axes
 + Level 8.7 Armour
 - Level 3.2 Shields


You had 10 spell levels left.
You didn't know any spells.
Your spell library contained the following spells:

 Spells                   Type           Power      Damage    Failure   Level
 Sublimation of Blood     Necr           0%         N/A       100%        2
 Cause Fear               Hex            0%         N/A       100%        4
 Petrify                  Tmut/Erth      0%         N/A       100%        4
 Irradiate                Conj/Tmut      0%         3d13      100%        5
 Dragon Form              Tmut           0%         N/A       100%        7
 Dragon's Call            Summ           0%         N/A       100%        9


Dungeon Overview and Level Annotations

Branches:
Dungeon (10/15)            Temple (0/1) D:7            Lair (0/6) D:9
    Orc (0/2) D:9

Altars:
Cheibriados
Uskayaw
The Shining One

Shops:
D:3 (

Annotations:
D:10 Snorg


Message History

a +0 dagger of chaos; a +0 robe; the human corpse of Psyche
Found a stone staircase leading down.
There is a stone staircase leading down here.
Snorg the Insatiable comes into view.
Found a stone staircase leading up.
Snorg is nearby!
You slash Snorg!
Snorg is lightly wounded.
Snorg bites you! Snorg claws you. Snorg completely misses you.
Okay, then.
Okay, then.
You slice Snorg!!
Snorg is heavily wounded.
You hit Snorg.
Snorg is heavily wounded.
Snorg goes berserk!
You barely miss Snorg.
Snorg is heavily wounded.
Snorg bites you! Snorg claws you! Snorg claws you but does no damage.
You slash Snorg!
Snorg is heavily wounded.
Snorg bites you. Snorg barely misses you. Snorg claws you!
* * * LOW HITPOINT WARNING * * *
You slash Snorg!
Snorg is heavily wounded.
You block Snorg's attack. Snorg closely misses you. You block Snorg's attack.
Snorg bites you!
* * * LOW HITPOINT WARNING * * *
Snorg claws you but does no damage. x2
Unknown command.
You hit Snorg.
Snorg is heavily wounded.
You block Snorg's attack. x2; Snorg closely misses you.
You slice Snorg!!
Snorg is severely wounded.
Snorg bites you but does no damage. You block Snorg's attack. x2
You hit Snorg.
Snorg is severely wounded.
Snorg bites you!!
You die...

##.#######.#####.######.
#.# #.# #.# . #.# #.#
#.# . #.# #.# #># . #.#
#.# #.# #.# #.# #.# #.#
#.# #.# #.# # #@# #
........T...<.. #
##############.


You could see Snorg (berserk).

Vanquished Creatures
  A two-headed ogre (D:9)
  Joseph (D:8)
  Maggie (D:8)
  Psyche (D:10)
  An unseen horror (D:10)
  Grinder (D:5)
  A wyvern (D:7)
  15 yaks
  3 wargs (D:9)
  A water moccasin (D:6)
  5 orc warriors
  2 necrophages
  3 sky beasts
  2 ogres
  The ghost of necKro23 the Ducker, an amateur OpBe of Trog (D:4)
  5 centaurs
  3 phantoms
  A bullfrog (D:9)
  A kobold brigand (D:7)
  A gnoll sergeant (D:9)
  9 scorpions
  A wyvern zombie (D:8)
  2 water moccasin skeletons (D:5)
  4 wights
  5 killer bees (D:8)
  2 howler monkeys (D:9)
  A bullfrog zombie (D:7)
  3 centaur zombies
  6 hounds
  5 orc priests
  3 bullfrog skeletons
  2 jellies
  An iguana (D:5)
  7 orc wizards
  3 killer bee zombies
  16 gnolls
  A howler monkey skeleton (D:7)
  14 adders
  A shadow imp (D:8)
  2 white imps
  An ufetubus (D:4)
  2 worms
  4 dart slugs
  25 orcs
  3 endoplasms
  2 giant cockroaches
  12 goblins
  8 hobgoblins
  6 jackals (D:2)
  10 kobolds
  5 quokkas
  7 ball pythons
  13 bats
  A quokka skeleton (D:4)
  8 rats
245 creatures vanquished.

Vanquished Creatures (others)
  4 fungi (D:6)
4 creatures vanquished.

Grand Total: 249 creatures vanquished

Notes
Turn   | Place    | Note
-------+----------+-------------------------------------------
     0 | D:1      | SnakkuSnakku7 the Hill Orc Fighter began the quest for the
                  | Orb.
     0 | D:1      | Reached XP level 1. HP: 19/19 MP: 1/1
   103 | D:1      | Reached skill level 3 in Axes
   191 | D:1      | Reached XP level 2. HP: 18/27 MP: 2/2
   379 | D:1      | Reached XP level 3. HP: 26/34 MP: 3/3
   849 | D:2      | Reached skill level 4 in Axes
  1076 | D:2      | Reached XP level 4. HP: 41/41 MP: 4/4
  1115 | D:2      | Reached skill level 5 in Fighting
  1460 | D:2      | Reached skill level 5 in Axes
  1662 | D:3      | Reached XP level 5. HP: 46/48 MP: 5/5
  1730 | D:3      | Found Reumm's Weapon Boutique.
  2059 | D:3      | Reached skill level 6 in Axes
  2059 | D:3      | Reached XP level 6. HP: 31/57 MP: 6/6
  2460 | D:4      | Noticed necKro23's ghost (amateur OpBe)
  2461 | D:4      | Found a transporter.
  2461 | D:4      | Found a transporter.
  2561 | D:4      | Noticed a necrophage
  2572 | D:4      | Killed a necrophage
  2573 | D:4      | Reached skill level 7 in Axes
  2609 | D:4      | Reached XP level 7. HP: 56/66 MP: 7/7
  2619 | D:4      | Killed necKro23's ghost
  3527 | D:3      | Reached skill level 8 in Axes
  3724 | D:4      | Found a snail-covered altar of Cheibriados.
  3878 | D:4      | Reached XP level 8. HP: 72/74 MP: 8/8
  3982 | D:5      | Entered Level 5 of the Dungeon
  3983 | D:5      | Noticed Grinder
  4256 | D:5      | Reached skill level 9 in Axes
  4512 | D:5      | Found a hide-covered altar of Uskayaw.
  4781 | D:5      | Killed Grinder
  4782 | D:5      | Reached skill level 10 in Axes
  4821 | D:5      | Reached skill level 10 in Fighting
  5018 | D:6      | Reached XP level 9. HP: 78/85 MP: 9/9
  5050 | D:6      | Reached skill level 11 in Axes
  5391 | D:6      | Reached skill level 12 in Axes
  5764 | D:6      | Found a glowing golden altar of the Shining One.
  5796 | D:6      | Became a worshipper of the Shining One
  5919 | D:3      | Bought a +3 vorpal broad axe for 230 gold pieces
  6538 | D:7      | Found a staircase to the Ecumenical Temple.
  6550 | D:7      | Reached skill level 13 in Axes
  7082 | D:6      | Reached skill level 14 in Axes
  7239 | D:7      | Identified the +5 spear "Trog's Anger" {drain, Will+ Str+4}
  7533 | D:7      | Reached XP level 10. HP: 87/93 MP: 10/10
  7869 | D:8      | Noticed Joseph
  7886 | D:8      | Killed Joseph
  7887 | D:8      | Reached skill level 15 in Axes
  7936 | D:8      | Reached * piety under the Shining One
  7987 | D:8      | Noticed Maggie
  7993 | D:8      | Killed Maggie
  8000 | D:8      | Reached skill level 16 in Axes
  9047 | D:9      | Found a staircase to the Orcish Mines.
  9265 | D:9      | Noticed a two-headed ogre
  9280 | D:9      | Killed a two-headed ogre
  9281 | D:9      | Reached skill level 17 in Axes
  9392 | D:9      | Reached skill level 18 in Axes
  9750 | D:9      | Found a staircase to the Lair.
  9760 | D:9      | Reached XP level 11. HP: 86/99 MP: 11/11
  9850 | D:9      | Reached skill level 5 in Armour
 10162 | D:10     | Entered Level 10 of the Dungeon
 10207 | D:10     | Reached ** piety under the Shining One
 10532 | D:10     | Noticed Psyche
 10540 | D:10     | Killed Psyche
 10580 | D:10     | Noticed Snorg
 10589 | D:10     | Mangled by Snorg

Illustrated notes

Levels and vault maps discovered:
D:1:      lightli_arrival_farm, layout_loops_ring, chequers_serial_rivers_room_b
D:2:      wad_river_or_something, layout_loops_ring
D:3:      layout_basic, serial_shops, shop
D:4:      layout_loops_ring, cheibrodos_worm_habitat, gammafunk_ghost_arena
D:5:      cheibrodos_helix_gallery, layout_basic,
          nicolae_overflow_crystal_walls, uniq_grinder
D:6:      old_forge, layout_layer_cave, tso_metal_star,
          chequers_serial_rivers_large_b
D:7:      layout_basic, minmay_temple_entry_stoned_glass,
          chequers_serial_rivers_large_a, minmay_unpleasant_kobolds
D:8:      layout_loops_ring, uniq_maggie, uniq_joseph
D:9:      layout_cave_pods, erik_lair_orcish_takeover, erik_orc_3
D:10:     layout_small_grid, uniq_psyche, uniq_maurice, uniq_snorg

Skill      XL: |  1  2  3  4  5  6  7  8  9 10 11 |
---------------+----------------------------------+-----
Axes           | 3 4 5 6 7 8 10 14 18 | 18.0
Fighting       | 4 5 6 7 8 10 | 10.0
Armour         | 4 8 |  8.7
Shields        | |  3.2

Action                   |  1- 3 |  4- 6 |  7- 9 | 10-12 || total
-------------------------+-------+-------+-------+-------++-------
Melee: War axe           |    95 |   197 |   199 |       ||   491
       Broad axe         |       |       |    79 |   237 ||   316
Throw: Throwing net      |       |       |     3 |     1 ||     4
       Dart              |       |       |     6 |     5 ||    11
Evoke: Wand              |       |       |       |     1 ||     1
Armor: Chain mail        |    71 |   125 |    97 |       ||   293
       Scale mail        |     1 |       |       |       ||     1
       Plate armour      |       |       |    46 |    92 ||   138
Dodge: Dodged            |    37 |    68 |    79 |    50 ||   234
Block: Buckler           |    30 |    57 |    58 |    35 ||   180
